 Dungeon Crawl Stone Soup version 0.21.1-1-g345015f (webtiles) character file.

27193 suicidejoker the Quickloader (level 13, 0/166 HPs)
             Began as a Centaur Hunter on Apr 23, 2018.
             Was an Elder of Okawaru.
             Killed by divine providence
             ... invoked by a meliai
              (13 damage)
             ... on level 14 of the Dungeon.
             The game lasted 01:06:06 (18307 turns).

suicidejoker the Quickloader (Centaur Hunter)      Turns: 18307, Time: 01:06:07

Health: 0/166      AC: 26    Str: 19    XL:     13   Next: 3%
Magic:  22/27      EV:  1    Int: 14    God:    Okawaru [****..]
Gold:   922        SH: 16    Dex: 15    Spells: 12/12 levels left

rFire    . . .     SeeInvis +     - Unarmed
rCold    . . .     Gourm    .   T - +0 large shield
rNeg     + + +     Faith    .   (armour currently unavailable)
rPois    +         Spirit   .   (helmet currently unavailable)
rElec    .         Reflect  .   (cloak currently unavailable)
rCorr    .         Harm     .   (gloves currently unavailable)
MR       +....     NoTele   +   (no barding)
Stlth    ++++......             (no amulet)
HPRegen  0.37/turn              L - ring of Deplozist {MP+9 Str+2}
MPRegen  0.20/turn              Q - +4 ring of intelligence

@: lethally poisoned (0 -> -1), tree-form, heroism, finesse
A: large, thin skeletal structure 1, see invisible, magic resistance 1
a: Heroism, Renounce Religion


You were on level 14 of the Dungeon.
You worshipped Okawaru.
Okawaru was greatly pleased with you.
You were not hungry.
You were a tree.
You visited 3 branches of the dungeon, and saw 16 of its levels.
You also visited: Labyrinth and Ossuary.

You collected 922 gold pieces.

Inventory:

Hand Weapons
 a - a +2 hand crossbow
 b - a +3 spear of freezing
 h - a +2 great mace
 m - a +2 mace of holy wrath
 K - a +0 blowgun
 N - a +3 longbow of flaming
Missiles
 c - 8 needles of frenzy
 i - 5 silver tomahawks
 k - 46 poisoned needles
 q - 282 arrows
 r - 9 tomahawks of returning
 t - 24 tomahawks (quivered)
 x - 162 bolts
 P - 5 needles of confusion
Armour
 l - a +1 pair of gloves (melded)
 n - a +3 scale mail (melded)
 u - a scarf of repulsion (melded)
 S - a +1 cloak of poison resistance
 T - a +0 large shield (worn)
 W - a +0 centaur barding of cold resistance (melded)
Magical Staves
 U - an uncursed staff of fire
Jewellery
 d - the ring of Suspected Treachery {Ice *Corrode +Inv Str+4 Dex+4}
   (You took it off an orc on level 14 of the Dungeon)

   [ring of ice]

   It enhances your ice magic.
   It affects your strength (+4).
   It affects your dexterity (+4).
   It makes you vulnerable to fire.
   It protects you from cold.
   It lets you turn invisible.
   It may corrode you when you take damage.
 o - an uncursed ring of positive energy
 H - an uncursed ring of see invisible
 L - the ring of Deplozist (left branch) {MP+9 Str+2}
   (You found it in a labyrinth)

   [ring of magical power]

   It affects your strength (+2).
   It affects your magic capacity (+9).
 O - an uncursed amulet of guardian spirit
 Q - a +4 ring of intelligence (right branch)
Wands
 e - a wand of random effects (50)
 B - a wand of iceblast (19)
 E - a wand of digging (8)
 J - a wand of polymorph (19)
Scrolls
 g - a scroll of immolation
 j - a scroll of enchant armour
 p - 8 scrolls of identify
 v - 2 scrolls of magic mapping
 D - 4 scrolls of remove curse
 X - 2 scrolls of fog
Potions
 w - 4 potions of mutation
 F - 2 potions of brilliance
 I - 2 potions of flight
 Y - a potion of lignification
Books
 s - a book of Cantrips

   Spells                             Type                      Level
   a - Confusing Touch                Hexes                        1
   b - Animate Skeleton               Necromancy                   1
   c - Summon Small Mammal            Summoning                    1
   d - Apportation                    Translocation                1
 y - the Reference Book on Fetching Transmigration
   (You found it in a labyrinth)

   Spells                             Type                      Level
   a - Darkness                       Hexes                        6
   b - Statue Form                    Transmutation/Earth          6
   c - Discord                        Hexes                        8
 C - a book of Transfigurations

   Spells                             Type                      Level
   a - Irradiate                      Conjuration/Transmutation    5
   b - Statue Form                    Transmutation/Earth          6
   c - Hydra Form                     Transmutation                6
   d - Dragon Form                    Transmutation                7
 G - a book of Air

   Spells                             Type                      Level
   a - Shock                          Conjuration/Air              1
   b - Swiftness                      Charms/Air                   2
   c - Static Discharge               Conjuration/Air              3
   d - Airstrike                      Air                          4
   e - Lightning Bolt                 Conjuration/Air              5
 R - The Hermit's Heritage Continued
   (You found it in a labyrinth)

   Spells                             Type                      Level
   a - Song of Slaying                Charms                       2
   b - Swiftness                      Charms/Air                   2
   c - Call Imp                       Summoning                    2
   d - Blink                          Translocation                2
   e - Sticks to Snakes               Transmutation                2
Miscellaneous
 V - a fan of gales (inert)
Comestibles
 f - 19 rations


   Skills:
 + Level 9.1(14.1) Fighting
 * Level 1.4(6.4) Maces & Flails
 - Level 5.1(10.1) Polearms
 * Level 13.7(18.7) Crossbows
 + Level 6.7(11.7) Armour
 + Level 6.9(11.9) Dodging
 - Level 0.4(5.4) Stealth
 + Level 3.0(8.0) Shields
 * Level 6.9 Invocations
 + Level 3.7 Evocations


You had 12 spell levels left.
You didn't know any spells.

Dungeon Overview and Level Annotations

Branches:
Dungeon (14/15)            Temple (1/1) D:6            Lair (1/6) D:11
    Orc (0/2) D:12         Vaults (0/5) D:14

Altars:
Ashenzari
Cheibriados
Dithmenos
Elyvilon
Fedhas
Gozag
Hepliaklqana
Kikubaaqudgha
Makhleb
Nemelex Xobeh
Okawaru
Qazlal
Ru
Sif Muna
Trog
Uskayaw
Vehumet
Wu Jian
Xom
Yredelemnul
Zin
The Shining One

Shops:
D:6 [   D:11 *

Annotations:
D:10 Sinoran's ghost, journeyman TrFi


Innate Abilities, Weirdness & Mutations

((You have hooves in place of feet.))
((Armour fits poorly on your strangely shaped body.))
((You cover ground very quickly.))
((You have extremely tough skin. (AC +3)))
((You have a pair of small antennae on your head.))
You have a somewhat thin skeletal structure. (Dex +2, Stealth)
You have supernaturally acute eyesight. (SInv)
You are resistant to hostile enchantments. (MR+)


Message History

The meliai is heavily wounded.
You feel sick. The meliai hits you but does no damage.
You block the meliai's attack.
The meliai mumbles some strange prayers to its god against you.
Something smites you!
* * * LOW HITPOINT WARNING * * *
Okay, then.
Okay, then.
Okay, then.
You smack the meliai!
You kill the meliai!
Okawaru accepts your kill.
You closely miss the meliai. The meliai hits you but does no damage.
You block the meliai's attack.
You pummel the meliai!!
The meliai is almost dead.
You feel sick.
The meliai invokes the aid of its god against you.
Something smites you!
You die...

.. .. .# ######### y#
#.^.....# .# #>#####.# .#
#.#####.##########e####..
#.#....).......♣yy....(.#
#.#.#...#########a9.#####
#.#.#...## {....#
#.#.#....# ##...##
#.......)# ##.##
###.##.#.# .# .#..
#.##.#)# .# #.##.
#....#)# #'## #.##.
######.# ##...## #.##.


You could see a deep elf mage, a gargoyle, 2 meliai and a worker ant.

Vanquished Creatures
  Nessos (D:12)
  Josephine (D:10)
  Maurice (D:12)
  A centaur warrior (D:14)
  An ogre mage (D:14)
  6 two-headed ogres
  3 tengu warriors
  4 unseen horrors
  A wolf spider zombie (D:14)
  A manticore (D:14)
  5 ugly things (D:14)
  2 cyclopes
  A centaur zombie (D:9)
  A gargoyle (D:14)
  The ghost of Zeldest the Slasher, a novice DsMo (D:4)
  A komodo dragon (D:13)
  A meliai (D:14)
  4 trolls
  2 hippogriffs
  9 slime creatures
  A wyvern (D:8)
  A wraith (D:14)
  3 yaks (D:12)
  2 hungry ghosts (D:12)
  2 vampire mosquitoes
  Menkaure (D:5)
  A soldier ant (D:12)
  2 wargs (D:11)
  A water moccasin (D:14)
  Duvessa (D:6)
  An acid dragon (D:14)
  A porcupine (Lair:1)
  4 orc warriors
  A sky beast (D:5)
  4 black bears
  An eye of draining (D:14)
  11 ogres
  2 centaurs
  2 crocodiles
  A big kobold (D:11)
  6 bullfrogs
  2 elf zombies (Ossuary)
  A wyvern zombie (D:10)
  A gnoll sergeant (D:5)
  A wyvern skeleton (D:14)
  Dowan (D:6)
  3 scorpions
  10 wights
  4 crimson imps
  A human zombie (Ossuary)
  A jelly (D:9)
  4 hounds
  6 orc priests
  2 bullfrog skeletons
  A gnoll shaman (D:4)
  Crazy Yiuf (D:5)
  A centaur skeleton (D:7)
  2 iguanas
  3 worker ants
  12 orc wizards
  A big kobold zombie (Ossuary)
  A hound zombie (D:8)
  A hound skeleton (D:4)
  4 mummies (Ossuary)
  3 worker ant zombies
  12 adders
  10 gnolls
  A howler monkey skeleton (D:5)
  5 shadow imps
  An ooze (D:1)
  2 adder zombies (Ossuary)
  A worm (D:2)
  4 dart slugs
  78 orcs
  5 bats
  5 giant cockroaches
  A gnoll zombie (Ossuary)
  6 hobgoblins
  7 jackals
  10 kobolds
  3 quokkas
  4 frilled lizards
  4 goblins
  2 hobgoblin zombies (Ossuary)
  A leopard gecko skeleton (D:6)
  6 rats
  A rat zombie (Ossuary)
  2 fungi (D:5)
334 creatures vanquished.

Vanquished Creatures (collateral kills)
  A deep elf mage (D:12)
  A wyvern (D:12)
  An orc warrior (D:12)
  A bullfrog (D:11)
  An orc priest (D:12)
5 creatures vanquished.

Vanquished Creatures (others)
  A cyclops (D:12)
  A centaur skeleton (D:10)
  An adder zombie (Ossuary)
  A jackal zombie (Ossuary)
4 creatures vanquished.

Grand Total: 343 creatures vanquished

Notes
Turn   | Place    | Note
-------+----------+-------------------------------------------
     0 | D:1      | suicidejoker the Centaur Hunter began the quest for the Orb.
     0 | D:1      | Reached XP level 1. HP: 17/17 MP: 1/1
    99 | D:1      | Reached XP level 2. HP: 24/24 MP: 2/2
   501 | D:1      | Reached XP level 3. HP: 30/30 MP: 3/3
  1148 | D:2      | Reached skill level 5 in Crossbows
  1577 | D:3      | Reached skill level 1 in Armour
  1577 | D:3      | Reached XP level 4. HP: 32/37 MP: 4/4
  2243 | D:4      | Noticed an ogre
  2246 | D:4      | Killed an ogre
  2246 | D:4      | Reached XP level 5. HP: 45/45 MP: 5/5
  2349 | D:4      | Reached skill level 6 in Crossbows
  2383 | D:4      | Gained mutation: You have a somewhat thin skeletal structure. (Dex +2, Stealth) [potion of mutation]
  2383 | D:4      | Gained mutation: You are partially covered in yellow scales. (AC +2) [potion of mutation]
  2395 | D:4      | Reached XP level 6. HP: 22/51 MP: 6/6
  2911 | D:4      | Noticed Zeldest's ghost (novice DsMo)
  2928 | D:4      | Killed Zeldest's ghost
  2928 | D:4      | Reached XP level 7. HP: 29/58 MP: 7/7
  3238 | D:5      | Entered Level 5 of the Dungeon
  3250 | D:5      | Reached skill level 7 in Crossbows
  3615 | D:5      | Noticed Menkaure
  3620 | D:5      | Killed Menkaure
  4320 | D:5      | Found a runed door.
  4325 | D:5      | Noticed Crazy Yiuf
  4328 | D:5      | Killed Crazy Yiuf
  4432 | D:6      | Noticed Dowan
  4433 | D:6      | Noticed Duvessa
  4437 | D:6      | Reached XP level 8. HP: 67/67 MP: 8/8
  4451 | D:6      | Killed Dowan
  4451 | D:6      | Reached skill level 8 in Crossbows
  4472 | D:6      | Killed Duvessa
  4766 | D:6      | Reached skill level 5 in Fighting
  4790 | D:6      | Reached skill level 9 in Crossbows
  5465 | D:6      | Found a staircase to the Ecumenical Temple.
  5481 | D:6      | Found Zusky's Armour Emporium.
  5536 | Temple   | Entered the Ecumenical Temple
  5694 | Temple   | Became a worshipper of Warmaster Okawaru
  5926 | D:7      | Lost mutation: You are partially covered in yellow scales. (AC +2) [potion of mutation]
  5926 | D:7      | Lost mutation: You have a somewhat thin skeletal structure. (Dex +2, Stealth) [potion of mutation]
  5926 | D:7      | Gained mutation: You have a pair of small antennae on your head. [potion of mutation]
  5926 | D:7      | Gained mutation: You are resistant to hostile enchantments. (MR+) [potion of mutation]
  5926 | D:7      | Gained mutation: You have supernaturally acute eyesight. (SInv) [potion of mutation]
  5926 | D:7      | Gained mutation: You have a somewhat thin skeletal structure. (Dex +2, Stealth) [potion of mutation]
  5975 | D:7      | Reached XP level 9. HP: 74/74 MP: 9/9
  6439 | D:7      | Reached * piety under Okawaru
  6760 | D:8      | Found a sand-covered staircase.
  6765 | Ossuary  | Entered an ossuary
  6828 | Ossuary  | Reached skill level 10 in Crossbows
  7250 | D:8      | Noticed a two-headed ogre
  7251 | D:8      | Noticed a two-headed ogre
  7261 | D:8      | Killed a two-headed ogre
  7261 | D:8      | Reached ** piety under Okawaru
  7703 | D:8      | Killed a two-headed ogre
  7703 | D:8      | Reached skill level 11 in Crossbows
  7703 | D:8      | Reached skill level 5 in Dodging
  7703 | D:8      | Reached XP level 10. HP: 60/84 MP: 10/10
  8283 | D:9      | Reached skill level 5 in Armour
  8353 | D:9      | Found a glowing golden altar of the Shining One.
  8839 | D:9      | Reached *** piety under Okawaru
  9181 | D:9      | Found a radiant altar of Vehumet.
  9374 | D:9      | Noticed a cyclops
  9379 | D:9      | Killed a cyclops
  9726 | D:10     | Entered Level 10 of the Dungeon
  9830 | D:10     | Noticed an unseen horror
  9837 | D:10     | Killed an unseen horror
  9837 | D:10     | Reached skill level 12 in Crossbows
  9876 | D:10     | Noticed a tengu warrior
  9883 | D:10     | Killed a tengu warrior
  9883 | D:10     | Reached **** piety under Okawaru
  9883 | D:10     | Received a gift from Okawaru
  9955 | D:10     | Noticed Sinoran's ghost (journeyman TrFi)
 10014 | D:11     | Noticed a two-headed ogre
 10018 | D:11     | HP: 2/88 [two-headed ogre/giant club (10)]
 10035 | D:11     | Reached XP level 11. HP: 5/94 MP: 2/11
 10363 | D:11     | Noticed a two-headed ogre
 10374 | D:11     | Killed a two-headed ogre
 10374 | D:11     | Received a gift from Okawaru
 10374 | D:11     | Reached skill level 1 in Invocations
 10427 | D:11     | Found Entes's Elemental Accessories.
 10439 | D:12     | Noticed Nessos
 10454 | D:11     | Found a labyrinth entrance.
 10463 | Lab      | Entered a labyrinth
 11077 | Lab      | Noticed a minotaur
 11107 | Lab      | Identified the Reference Book on Fetching Transmigration
 11107 | Lab      | Identified The Hermit's Heritage Continued
 11108 | Lab      | Got a steaming gossamer ring
 11329 | D:11     | Killed a two-headed ogre
 11334 | D:11     | Reached skill level 1 in Polearms
 11348 | D:11     | Found a sacrificial altar of Ru.
 11474 | D:11     | Received a gift from Okawaru
 12101 | D:11     | Found a staircase to the Lair.
 12489 | Lair:1   | Entered Level 1 of the Lair of Beasts
 13045 | D:12     | Reached skill level 1 in Evocations
 13480 | D:11     | Reached skill level 1 in Shields
 14096 | D:10     | Noticed an unseen horror
 14105 | D:11     | Received a gift from Okawaru
 14431 | D:10     | Noticed Josephine
 14463 | D:10     | Killed Josephine
 14832 | D:12     | Killed Nessos
 14832 | D:12     | Received a gift from Okawaru
 14867 | D:12     | Noticed Maurice
 14878 | D:12     | Noticed a deep elf mage
 14884 | D:12     | Killed a deep elf mage
 15332 | D:12     | Killed Maurice
 15332 | D:12     | Reached skill level 13 in Crossbows
 15390 | D:12     | Noticed an unseen horror
 15397 | D:12     | Killed an unseen horror
 15397 | D:12     | Reached ***** piety under Okawaru
 15397 | D:12     | Received a gift from Okawaru
 15397 | D:12     | Reached XP level 12. HP: 102/103 MP: 15/15
 15686 | D:12     | Reached skill level 5 in Invocations
 15961 | D:12     | Found a staircase to the Orcish Mines.
 16362 | D:13     | Received a gift from Okawaru
 16379 | D:13     | Noticed a two-headed ogre
 16397 | D:13     | Killed a two-headed ogre
 16861 | D:14     | Got a crude silver ring
 16863 | D:14     | Identified the ring of Suspected Treachery {Ice *Corrode +Inv Str+4 Dex+4} (You took it off an orc on level 14 of the Dungeon)
 16865 | D:14     | Identified the ring of Deplozist {MP+9 Str+2} (You found it in a labyrinth)
 16929 | D:14     | Received a gift from Okawaru
 17296 | D:14     | Found a glowing golden altar of the Shining One.
 17342 | D:14     | Noticed a centaur warrior
 17354 | D:14     | Killed a centaur warrior
 17433 | D:14     | Received a gift from Okawaru
 17520 | D:14     | Found a shattered altar of Ashenzari.
 17522 | D:14     | Noticed a tengu warrior
 17535 | D:14     | Noticed a tengu warrior
 17557 | D:14     | Killed a tengu warrior
 17557 | D:14     | Reached skill level 5 in Polearms
 17573 | D:14     | Killed a tengu warrior
 18023 | D:14     | Noticed a two-headed ogre
 18030 | D:14     | Killed a two-headed ogre
 18030 | D:14     | Reached skill level 1 in Maces & Flails
 18058 | D:14     | Found a gate to the Vaults.
 18059 | D:14     | Noticed an ogre mage
 18064 | D:14     | Killed an ogre mage
 18064 | D:14     | Received a gift from Okawaru
 18064 | D:14     | Reached XP level 13. HP: 111/111 MP: 18/18
 18307 | D:14     | Killed from afar by a meliai

Skill      XL: |  1  2  3  4  5  6  7  8  9 10 11 12 |
---------------+-------------------------------------+-----
Crossbows      | 5 6 7 9 11 12 13 | 13.7
Armour         | 1 2 3 4 5 6 |  6.7
Dodging        | 2 3 4 5 6 |  6.9
Fighting       | 3 4 5 6 7 8 9 |  9.1
Invocations    | 4 6 |  6.9
Polearms       | 3 5 |  5.1
Evocations     | 2 3 |  3.7
Shields        | 1 3 |  3.0
Maces & Flails | 1 |  1.4
Stealth        | |  0.4

Action                   |  1- 3 |  4- 6 |  7- 9 | 10-12 | 13-15 || total
-------------------------+-------+-------+-------+-------+-------++-------
Melee: Short sword       |       |    44 |    34 |       |       ||    78
       Kick              |       |    17 |    41 |    88 |       ||   146
       Mace              |       |       |   104 |    55 |       ||   159
       Unarmed           |       |       |    11 |       |    10 ||    21
       Spear             |       |       |       |   217 |       ||   217
 Fire: Hand crossbow     |    84 |    60 |   279 |   589 |    28 ||  1040
Throw: Tomahawk          |     5 |    25 |       |     1 |       ||    31
       Stone             |       |    89 |       |       |       ||    89
Invok: Heroism           |       |       |       |    28 |     2 ||    30
       Finesse           |       |       |       |     2 |     1 ||     3
Evoke: Wand              |       |       |    11 |    61 |       ||    72
       Fan of gales      |       |       |       |     2 |       ||     2
  Use: Potion            |       |     6 |     3 |    16 |     1 ||    26
       Scroll            |       |       |    11 |    14 |       ||    25
  Eat: Chunk             |       |     4 |     9 |     7 |       ||    20
       Ration            |       |       |     1 |    10 |       ||    11
Armor: Scale mail        |     9 |   107 |   139 |   243 |     3 ||   501
       Leather armour    |     3 |       |       |       |       ||     3
       Skin              |       |       |    15 |       |     8 ||    23
Dodge: Dodged            |    15 |    64 |    96 |   163 |     2 ||   340
       Deflected         |       |       |     1 |    14 |       ||    15
Block: Large shield      |       |       |       |   316 |    23 ||   339
